 Dungeon Crawl Stone Soup version 0.27.1-33-g824d729ab1 (webtiles) character file.

Game seed: 16967094988866317642

1318 eliilek the Agent of Entropy (level 8, -1/61 HPs)
             Began as a Demonspawn Abyssal Knight on Dec 27, 2021.
             Was a Priest of Lugonu.
             Slain by a wight (8 damage)
             ... on level 6 of the Dungeon on Dec 28, 2021.
             The game lasted 00:23:53 (6759 turns).

eliilek the Agent of Entropy (DsAK)                 Turns: 6759, Time: 00:23:54

Health: -1/61      AC: 10    Str: 14    XL:     8   Next: 33%
Magic:  13/13      EV:  7    Int: 15    God:    Lugonu [***...]
Gold:   219        SH:  9    Dex: 12    Spells: 7/7 levels left

rFire    . . .     SeeInvis .   a - +2 mace (drain)
rCold    + . .     Faith    .   i - +0 kite shield
rNeg     . . .     Spirit   .   w - +1 scale mail {rC+}
rPois    .         Reflect  .   (helmet restricted)
rElec    .         Harm     .   o - +2 cloak
rCorr    .         Rampage  .   (no gloves)
Will     .....                  (no boots)
Stlth    ..........             (no amulet)
HPRegen  0.20/turn              m - +4 ring of slaying
MPRegen  0.13/turn              (no ring)

@: lethally poisoned (-1 -> -4)
A: antennae 1, demonic guardian 1, foul stench 2
a: Renounce Religion, Depart the Abyss, Bend Space, Banish


You were on level 6 of the Dungeon.
You worshipped Lugonu.
Lugonu was most pleased with you.
You visited 1 branch of the dungeon, and saw 6 of its levels.
You visited the Abyss 1 time.

You collected 219 gold pieces.

Inventory:

Hand Weapons
 a - a +2 mace of draining (weapon)
 b - a +0 hand crossbow
Missiles
 d - 37 bolts
Armour
 i - a +0 kite shield (worn)
 o - a +2 cloak (worn)
 w - a +1 scale mail of cold resistance (worn)
Jewellery
 m - a +4 ring of slaying (left hand)
 y - an amulet of guardian spirit
Scrolls
 e - 2 scrolls of fear {unknown}
 g - 5 scrolls of identify {unknown}
 j - a scroll of fog {unknown}
 l - 2 scrolls of enchant weapon {unknown}
 n - a scroll of teleportation {unknown}
 s - a scroll of amnesia {unknown}
 t - a scroll of immolation {unknown}
 v - 3 scrolls of vulnerability {unknown}
 z - a scroll of noise {unknown}
Potions
 c - a potion of resistance {unknown}
 f - a potion of mutation {unknown}
 h - a potion of invisibility {unknown}
 p - a potion of lignification {unknown}
 q - a potion of heal wounds
 r - a potion of cancellation {unknown}
 u - a potion of berserk rage {unknown}
 x - a potion of attraction {unknown}


   Skills:
 + Level 4.7 Fighting
 * Level 5.1 Maces & Flails
 - Level 1.7 Armour
 - Level 2.1 Dodging
 * Level 4.5 Shields
 * Level 7.4 Invocations


You had 7 spell levels left.
You didn't know any spells.
Your spell library contained the following spells:

 Spells                   Type           Power      Damage    Failure   Level
 Summon Ice Beast         Ice/Summ       0%         N/A       100%        4
 Summon Mana Viper        Hex/Summ       0%         N/A       100%        5
 Monstrous Menagerie      Summ           0%         N/A       100%        7


Dungeon Overview and Level Annotations

Branches:
Dungeon (6/15)             Temple (0/1) D:4

Altars:


Innate Abilities, Weirdness & Mutations

You have a pair of small antennae on your head.
A weak demonic guardian rushes to your aid.
You sometimes emit foul miasma when damaged in melee.


Message History

The phantom is heavily damaged.
You feel sick. The phantom hits you.
The phantom blinks!
You blink.
Your shield and scale mail prevent you from hitting the phantom.
The phantom is heavily damaged.
You feel sick. You block the phantom's attack.
The phantom hits you but does no damage.
You hit the phantom.
The phantom is heavily damaged.
You feel sick. You block the phantom's attack.
You sock the phantom!
The phantom is severely damaged.
You feel sick.
The phantom hits you but does no damage.
You hit the phantom.
The phantom is almost destroyed.
You feel sick. You block the phantom's attack.
The phantom hits you but does no damage.
You closely miss the phantom.
The phantom is almost destroyed.
You feel sick.
You are no longer poisoned.
You block the phantom's attack.
You hit the phantom.
You destroy the phantom!
Lugonu accepts your kill.
The wight hits you with a +1 mace of venom.
You are poisoned.
Your life force feels restored.
You feel very sick.
You feel sick. The wight barely misses you.
You hit the wight.
The wight is lightly damaged.
You feel sick. You block the wight's attack. The wight barely misses you.
You closely miss the wight.
The wight is lightly damaged.
You feel sick.
The wight hits you from afar with a +4 spear!
* * * LOW HITPOINT WARNING * * *
A demonic guardian appears!
The wight hits you with a +0 war axe!
You die...

.. #.######## ##
#.#...#.. .# .
.....[#.## # ###.## #
..
#.#..z#.##.###....#.#..
....[z................
....#.#.#...........#.#
#..##...#.#....###5...#
#.......#.....zz@.....#
.#.#....#.#.#####.....#
...#....# # .....#
..##....#.# .....#
........#.###.# ######
..........W....
........#.#....
.#####†.#.# ..
.##.......# ..


You could see 2 wights and a friendly iron imp (summoned).

Vanquished Creatures
  A sky beast (D:5)
  An ogre (D:5)
  A necrophage (D:5)
  2 phantoms
  A gnoll sergeant (D:5)
  A bullfrog (D:6)
  3 scorpions
  A water moccasin skeleton (D:4)
  2 wights (D:5)
  A howler monkey (D:4)
  A hound (D:4)
  2 jellies (D:5)
  2 orc priests
  2 orc wizards
  8 gnolls (D:5)
  7 adders
  2 ufetubi
  An adder skeleton (D:4)
  2 worms
  2 dart slugs
  2 orcs (D:5)
  9 bats
  9 endoplasms
  3 giant cockroaches
  4 goblins
  7 hobgoblins
  5 jackals (D:1)
  6 quokkas
  7 ball pythons
  4 frilled lizards
  9 kobolds
  6 rats
114 creatures vanquished.

Vanquished Creatures (collateral kills)
  2 orcs (D:5)
2 creatures vanquished.

Grand Total: 116 creatures vanquished

Notes
Turn   | Place    | Note
-------+----------+-------------------------------------------
     0 | Abyss:1  | eliilek the Demonspawn Abyssal Knight began the quest for
                  | the Orb.
     0 | Abyss:1  | Reached XP level 1. HP: 18/18 MP: 2/2
   118 | Abyss:3  | Noticed a bone dragon
   119 | D:1      | Escaped the Abyss
   301 | D:1      | Reached skill level 1 in Dodging
   360 | D:1      | Found a faded altar of an unknown god.
   528 | D:1      | Reached * piety under Lugonu
   529 | D:1      | Gained mutation: A weak demonic guardian rushes to your
                  | aid. [demonic ancestry]
   529 | D:1      | Reached XP level 2. HP: 24/24 MP: 4/4
   698 | D:1      | Reached skill level 3 in Invocations
  1305 | D:1      | Reached XP level 3. HP: 28/29 MP: 5/5
  1758 | D:2      | You fall into a shaft and drop 1 floor!
  1886 | D:2      | Reached skill level 1 in Shields
  1985 | D:2      | Reached ** piety under Lugonu
  2027 | D:2      | Gained mutation: You may rarely emit foul miasma when
                  | damaged in melee. [demonic ancestry]
  2027 | D:2      | Reached XP level 4. HP: 35/35 MP: 6/6
  2741 | D:3      | Reached skill level 4 in Invocations
  3267 | D:4      | Gained mutation: You sometimes emit foul miasma when
                  | damaged in melee. [demonic ancestry]
  3267 | D:4      | Reached XP level 5. HP: 34/41 MP: 8/8
  3380 | D:4      | Found a staircase to the Ecumenical Temple.
  3618 | D:4      | Reached XP level 6. HP: 47/47 MP: 9/9
  4074 | D:4      | Reached skill level 5 in Invocations
  4669 | D:5      | Entered Level 5 of the Dungeon
  4680 | D:5      | Identified the +1 robe of Somewhere Else {+Blink Str+4
                  | Int-2 Dex+4}
  4700 | D:5      | Reached XP level 7. HP: 30/53 MP: 9/11
  4998 | D:5      | Reached skill level 6 in Invocations
  5381 | D:5      | Reached *** piety under Lugonu
  5834 | D:5      | Gained mutation: You have a pair of small antennae on your
                  | head. [demonic ancestry]
  5834 | D:5      | Reached XP level 8. HP: 61/61 MP: 13/13
  6181 | D:5      | Reached skill level 7 in Invocations
  6494 | D:5      | Reached skill level 5 in Maces & Flails
  6759 | D:6      | Slain by a wight

Illustrated notes

Levels and vault maps discovered:
D:1:      wander_arrival_peaceful_grave, layout_basic,
          ebering_ecumenical_altar_abandoned
D:2:      layout_basic, hex_large
D:3:      layout_loops_corners, minmay_fountain_box, grunt_ministairs_15,
          minmay_parallelograms
D:4:      layout_loops_ring, minmay_temple_entry_mini_moons
D:5:      layout_loops_corners
D:6:      layout_basic, gammafunk_ghost_split, uniq_eustachio

Skill      XL: |  1  2  3  4  5  6  7  8 |
---------------+-------------------------+-----
Dodging        | 1 2 |  2.1
Maces & Flails | 2 3 4 5 |  5.1
Invocations    | 3 4 5 6 7 |  7.4
Shields        | 1 2 3 4 |  4.5
Fighting       | 4 |  4.7
Armour         | |  1.7

Action                   |  1- 3 |  4- 6 |  7- 9 || total
-------------------------+-------+-------+-------++-------
Melee: Mace              |   112 |   111 |    89 ||   312
 Fire: Hunting sling     |       |    26 |       ||    26
       Hand crossbow     |       |     2 |    27 ||    29
Throw: Stone             |     5 |       |       ||     5
Invok: Depart the Abyss  |     1 |       |       ||     1
       Banish            |       |       |     1 ||     1
 Stab: Sleeping          |       |     1 |       ||     1
Armor: Leather armour    |    32 |    60 |     1 ||    93
       Scale mail        |       |       |    42 ||    42
Dodge: Dodged            |    55 |    54 |    29 ||   138
Block: Kite shield       |    16 |    52 |    41 ||   109
